 Dungeon Crawl Stone Soup version 0.26.1-10-gdfb7c7de75 (webtiles) character file.

Game seed: 14139899838945953292

18 Phaedo the Sneak (level 2, -1/21 HPs)
             Began as an Octopode Delver on Apr 7, 2021.
             Slain by a worm (9 damage)
             ... on level 3 of the Dungeon.
             The game lasted 00:04:35 (756 turns).

Phaedo the Sneak (Octopode Delver)                   Turns: 756, Time: 00:04:36

Health: -1/21      AC:  1    Str: 11    XL:     2   Next: 70%
Magic:  2/2        EV: 14    Int: 12    God:
Gold:   54         SH:  0    Dex: 13    Spells: 1/1 levels left

rFire    . . .     SeeInvis .   a - +0 spear
rCold    . . .     Faith    .   (no shield)
rNeg     . . .     Spirit   .   (helmet restricted)
rPois    .         Reflect  .   (no amulet)
rElec    .         Harm     .   (no ring)
rCorr    .         Rampage  .   (no ring)
Will     .....                  (no ring)
Stlth    ++++......             (no ring)
HPRegen  0.07/turn              (no ring)
MPRegen  0.08/turn              (no ring)
                                (no ring)
                                (no ring)

@: no status effects
A: almost no armour, stealthy swim, amphibious, 8 rings, constrict 8, camouflage
1, gelatinous body 1
a: no special abilities


You were on level 3 of the Dungeon.
You visited 1 branch of the dungeon, and saw 4 of its levels.

You collected 54 gold pieces.

Inventory:

Hand Weapons
 a - a +0 spear (weapon)
 g - a +0 hunting sling
Missiles
 i - 17 bolts
 l - 17 arrows
 n - 20 stones (quivered)
Wands
 f - a wand of digging (3)
Scrolls
 b - a scroll of fog
 c - a scroll of magic mapping
 d - a scroll of fear
 h - a scroll of enchant weapon {unknown}
 k - a scroll of teleportation {unknown}
 m - a scroll of identify {unknown}
Potions
 e - a potion of haste
 j - a potion of resistance {unknown}
 o - a potion of mutation {unknown}


   Skills:
 - Level 3.0 Fighting
 + Level 2.4 Polearms
 + Level 2.4 Dodging
 + Level 6.9 Stealth


You had one spell level left.
You didn't know any spells.
Your spell library contained the following spells:

 Spells                   Type           Power        Failure   Level
 Confusing Touch          Hex            0%           69%         3
 Gell's Gravitas          Tloc           0%           69%         3
 Petrify                  Tmut/Erth      0%           97%         4
 Metabolic Englaciation   Hex/Ice        0%           100%        5
 Yara's Violent Unravell  Hex/Tmut       0%           100%        5


Dungeon Overview and Level Annotations

Branches:
Dungeon (6/15)
 Temple: D:4-7

Altars:
Xom

Annotations:
D:6 Dowan, Duvessa


Innate Abilities, Weirdness & Mutations

You cannot wear most types of armour.
You are very stealthy in the water. (Stealth+)
You are amphibious.
You can wear up to eight rings at the same time.
You can use your tentacles to constrict eight enemies at once.
Your skin changes colour to match your surroundings (Stealth+).
Your rubbery body absorbs attacks. (AC +1, EV +1)


Message History

You throw a stone. The stone hits the worm.
The worm is lightly wounded.
The worm misses you.
You completely miss the worm. You grab the worm.
You constrict the worm, but do no damage.
You hit the worm but do no damage. You constrict the worm. The worm bites you!
Ouch! That really hurt!
You hit the worm but do no damage. You squeeze the worm, but do no damage.
The worm is lightly wounded.
You constrict the worm. You hit the worm.
The worm is lightly wounded.
You constrict the worm. The worm bites you.
You hit the worm but do no damage.
The worm is moderately wounded.
You constrict the worm. You hit the worm.
The worm is severely wounded.
You constrict the worm. The worm bites you!
You die...

#....[........ #.
#...#......... #.
##..####...... ..
..
#..####.##....##.
..o #[....#.#
.#.... ..
#.......#### .. .
##.......#.# .#
####......##.#
#..@w((..(#
#.....[(..##
########((.#
#......#
#.?....$o
.........
.##.##### #. .#
#. ##


You could see a worm.

Vanquished Creatures
  A dart slug (D:3)
  A leopard gecko (D:3)
  An orc (D:3)
  A giant cockroach (D:5)
  2 goblins (D:3)
  2 quokkas
  3 bats
  2 kobolds (D:3)
  A rat (D:3)
14 creatures vanquished.

Notes
Turn   | Place    | Note
-------+----------+-------------------------------------------
     0 | D:5      | Phaedo the Octopode Delver began the quest for the Orb.
     0 | D:5      | Reached XP level 1. HP: 16/16 MP: 1/1
   146 | D:5      | Noticed a sky beast
   152 | D:6      | Noticed Duvessa
   153 | D:6      | Noticed Dowan
   364 | D:4      | Found a shimmering altar of Xom.
   365 | D:4      | Noticed a scorpion
   387 | D:3      | Found a faded altar of an unknown god.
   430 | D:3      | Reached XP level 2. HP: 21/21 MP: 2/2
   756 | D:3      | Slain by a worm

Illustrated notes

Levels and vault maps discovered:
D:3:      layout_rooms, led_sif_pool, grunt_dithmenos_smoke,
          chequers_ecumenical_altar_simple_redux, minmay_misc_feat_iff,
          hangedman_decor_growths
D:4:      layout_basic, kennysheep_mini, minmay_temple_entry_fiery,
          roderic_lattice_a, doesnt_xom_only_xom
D:5:      layout_layer_cave
D:6:      layout_loops_ring, uniq_duvessa

Action                   || total
-------------------------++-------
Melee: Spear             ||    33
       Constrict         ||     8
       Tentacles         ||     5
Throw: Stone             ||    10
 Stab: Sleeping          ||     5
       Distracted        ||     1
Armor: Skin              ||     5
Dodge: Dodged            ||    10
